[Event "ICC tourney 1905 (10 3)"]
[Site "Internet Chess Club"]
[Date "2020.07.05"]
[Round "5"]
[White "danbron"]
[Black "Kiwimonster31"]
[Result "1-0"]
[ICCResult "Black forfeits on time"]
[WhiteElo "1897"]
[BlackElo "1487"]
[Opening "Scotch gambit: Dubois-R?ti defense"]
[ECO "C55"]
[NIC "KP.02"]
[Time "14:20:37"]
[TimeControl "600+3"]

1. e4 e5 2. Nf3 Nc6 3. d4 exd4 4. Bc4 Nf6 5. e5 d5 6. Bb5 Ne4 7. Nxd4 Bd7 8.
Bxc6 bxc6 9. O-O c5 10. Ne2 Bc6 11. f3 Ng5 12. f4 Ne4 13. Nbc3 Nxc3 14. Nxc3
Be7 15. Qg4 g6 16. f5 d4 17. fxg6 hxg6 18. e6 dxc3 19. exf7+ Kf8 20. Qxg6
Qd4+ 21. Kh1 Qh4 22. Bf4 Bb5 23. Rf3 Qh5 24. Qe6 cxb2 25. Rg1 Rd8 26. Bxc7
Rd5 27. Rh3 Qxh3 28. gxh3 Rd6 29. Rg8+ {Black forfeits on time} 1-0

[Event "ICC tourney 1905 (10 3)"]
[Site "Internet Chess Club"]
[Date "2020.07.05"]
[Round "5"]
[White "RisingRook"]
[Black "chessmate09520"]
[Result "0-1"]
[ICCResult "White forfeits on time"]
[WhiteElo "1476"]
[BlackElo "1409"]
[Opening "Sicilian: Nimzovich-Rossolimo attack (with ...g6, without ...d6)"]
[ECO "B31"]
[NIC "SI.31"]
[Time "14:20:24"]
[TimeControl "600+3"]

1. e4 c5 2. Nf3 Nc6 3. Bb5 g6 4. O-O Bg7 5. Bxc6 dxc6 6. d3 Nf6 7. Nc3 O-O
8. e5 Nd5 9. Ne4 b6 10. h3 Qc7 11. c4 Nb4 12. a3 Na6 13. Bf4 Bf5 14. Qe2
Rad8 15. Qe3 Qd7 16. Rad1 Nc7 17. b4 cxb4 18. axb4 Ne6 19. Bg3 Qc7 20. d4
Qb7 21. Nc3 Nc7 22. Bf4 Rd7 23. Rc1 Rfd8 24. g4 Be6 25. Ne4 b5 26. Nc5 Qb8
27. Nxd7 Rxd7 28. d5 cxd5 29. c5 d4 30. Nxd4 Nd5 31. Qe4 Nxf4 32. Nxe6 Nxe6
33. f4 Rd4 34. Qe3 Rxb4 35. f5 Bxe5 36. Qh6 Bd4+ 37. Kh1 Nxc5 38. fxg6 Qb7+
39. Kh2 Rb2+ 40. Kg3 Qg2+ 41. Kh4 hxg6 {White forfeits on time} 0-1

[Event "ICC tourney 1905 (10 3)"]
[Site "Internet Chess Club"]
[Date "2020.07.05"]
[Round "5"]
[White "Sina101"]
[Black "Ktsuei1102"]
[Result "1/2-1/2"]
[ICCResult "Game drawn by mutual agreement"]
[WhiteElo "1480"]
[BlackElo "1386"]
[Opening "QGD: Chigorin defense"]
[ECO "D07"]
[NIC "QP.08"]
[Time "14:20:27"]
[TimeControl "600+3"]

1. d4 d5 2. c4 Nc6 3. e3 e5 4. dxe5 d4 5. exd4 Qxd4 6. Qxd4 Nxd4 7. Bd3 Be6
8. Be3 O-O-O 9. Nd2 Ne7 10. O-O-O Nef5 11. Bg5 Be7 12. Bxe7 Nxe7 13. Ne2
Ndc6 14. Nf3 Nb4 15. Ned4 Nxa2+ 16. Kb1 Nb4 17. Be2 Nbc6 18. Nxe6 fxe6 19.
Ng5 Rxd1+ 20. Rxd1 Nxe5 21. Nxe6 g6 22. f4 N5c6 23. Bg4 Nf5 24. Bxf5 gxf5
25. Rd5 Re8 26. Ng7 Re1+ 27. Ka2 Nb4+ 28. Kb3 Nxd5 29. cxd5 Rf1 30. g3 Rf2
31. Nxf5 Rxh2 32. Kc3 Kd7 33. b4 Rh1 34. Kd4 Rd1+ 35. Kc4 a6 36. Ne3 Rg1 37.
Nf5 Re1 38. Kd4 b6 39. Ne3 Rb1 40. Kc4 Rg1 41. Nf5 b5+ 42. Kc3 Rc1+ 43. Kb2
Rd1 44. Ne3 Rd3 45. Ng4 Rxg3 46. Nf6+ Kd6 47. Ne4+ Kxd5 48. Nxg3 c5 49. Kc3
cxb4+ 50. Kxb4 Ke6 51. Kc5 h5 52. Nxh5 Kf5 53. Kb4 Kg4 54. Nf6+ Kxf4 55.
Nd5+ {Game drawn by mutual agreement} 1/2-1/2

[Event "ICC tourney 1905 (10 3)"]
[Site "Internet Chess Club"]
[Date "2020.07.05"]
[Round "5"]
[White "ganzy"]
[Black "allez"]
[Result "0-1"]
[ICCResult "White forfeits on time"]
[WhiteElo "1414"]
[BlackElo "2060"]
[Opening "Sicilian: Anderssen variation"]
[ECO "B41"]
[NIC "SI.41"]
[Time "14:21:17"]
[TimeControl "600+3"]

1. e4 c5 2. Nf3 e6 3. d4 cxd4 4. Nxd4 Nf6 5. Nc3 Nc6 6. Nxc6 bxc6 7. e5 Nd5
8. Ne4 Qc7 9. f4 Qb6 10. c4 Bb4+ 11. Ke2 f5 12. Nd6+ Bxd6 13. exd6 Nf6 14.
Qc2 Rb8 15. c5 Qb4 16. a3 Ba6+ 17. Kd1 Qd4+ 18. Ke1 Bxf1 19. Rxf1 Ne4 20.
Rb1 Nxc5 21. b4 Nd3+ 22. Ke2 Qe4+ 23. Kd1 Rb5 24. Bd2 Rd5 25. Rf3 Qd4 26.
Ke2 Qe4+ 27. Kd1 O-O 28. Rb3 Nxf4 29. Rbe3 Qd4 {White forfeits on time} 0-1

[Event "ICC tourney 1905 (10 3)"]
[Site "Internet Chess Club"]
[Date "2020.07.05"]
[Round "5"]
[White "helavir"]
[Black "nicochasin"]
[Result "1-0"]
[ICCResult "Black resigns"]
[WhiteElo "2170"]
[BlackElo "1719"]
[Opening "Sicilian: Taimanov variation"]
[ECO "B49"]
[NIC "SI.40"]
[Time "14:20:28"]
[TimeControl "600+3"]

1. e4 c5 2. Nf3 e6 3. d4 cxd4 4. Nxd4 Nc6 5. Nc3 Qc7 6. Be3 a6 7. Be2 Nf6 8.
O-O Bb4 9. Na4 Ba5 10. Nb3 b5 11. Nxa5 Qxa5 12. Nb6 Rb8 13. a3 b4 14. Nc4
Qc7 15. Bc5 Nxe4 16. Nd6+ Nxd6 17. Bxd6 Qb6 18. axb4 Nxb4 19. Bxb8 Qxb8 20.
c3 Nc6 21. Bxa6 Bxa6 22. Rxa6 Qxb2 23. Ra8+ Nd8 24. Qd4 f6 25. Ra7 Nb7 26.
Ra8+ Nd8 27. Rd1 Qb5 28. Ra7 Nb7 29. Qb4 Qxb4 30. cxb4 Nd8 31. Rdxd7 Nc6 32.
Rab7 Nxb4 33. Rxg7 Nc6 34. Rxh7 Rxh7 35. Rxh7 Kf8 36. Kf1 Ne5 37. Ke2 Nf7
38. f4 Kg8 39. Rxf7 Kxf7 40. g4 Kg6 41. h4 Kh6 42. Kd3 Kg6 43. Kd4 Kh6 44.
Kc5 Kg6 45. Kd6 Kf7 46. h5 e5 47. fxe5 fxe5 48. Kxe5 Kg7 49. g5 Kh7 50. Kf6
{Black resigns}
1-0

[Event "ICC tourney 1905 (10 3)"]
[Site "Internet Chess Club"]
[Date "2020.07.05"]
[Round "5"]
[White "bpovo1394"]
[Black "dopolian"]
[Result "0-1"]
[ICCResult "White forfeits on time"]
[WhiteElo "1098"]
[BlackElo "2079"]
[Opening "Scotch gambit: Dubois-R?ti defense"]
[ECO "C55"]
[NIC "KP.02"]
[Time "14:20:23"]
[TimeControl "600+3"]

1. e4 e5 2. Nf3 Nc6 3. d4 exd4 4. Bc4 Nf6 5. e5 d5 6. Bb5 Ne4 7. Nxd4 Bc5 8.
Be3 O-O 9. Bxc6 bxc6 10. O-O Bxd4 11. Qxd4 c5 12. Qd3 Bf5 13. Qe2 Re8 14. f3
Ng5 15. f4 Ne4 16. c3 Qd7 17. Nd2 Qc6 18. Nxe4 Bxe4 19. b4 c4 20. Qf2 a5 21.
a3 h5 22. Bd4 Bd3 23. Rfe1 Qg6 24. Re3 Qf5 25. Rae1 axb4 26. axb4 Ra6 27.
Rg3 g6 28. Rg5 Qe6 29. Qh4 f6 30. Rg3 Qf5 31. Rge3 Be4 32. exf6 Ra2 33. R3e2
Rxe2 34. Rxe2 Kf7 35. Qg5 Qd7 36. Qh6 Qg4 37. Qg7+ Ke6 38. f7 Ra8 39. Qf6+
Kd7 40. h3 Qxe2 {White forfeits on time} 0-1

[Event "ICC tourney 1905 (10 3)"]
[Site "Internet Chess Club"]
[Date "2020.07.05"]
[Round "5"]
[White "playtowin2020"]
[Black "jy2020"]
[Result "1-0"]
[ICCResult "Black checkmated"]
[WhiteElo "1574"]
[BlackElo "1804"]
[Opening "Sicilian: Najdorf"]
[ECO "B90"]
[NIC "SI.14"]
[Time "14:20:23"]
[TimeControl "600+3"]

1. e4 c5 2. Nf3 d6 3. d4 cxd4 4. Nxd4 Nf6 5. Nc3 a6 6. f3 e5 7. Nb3 Be6 8.
Be3 h5 9. Qd2 Nbd7 10. Be2 Rc8 11. O-O-O Qc7 12. Kb1 b5 13. Bd3 Nb6 14. Ne2
Be7 15. Bxb6 Qxb6 16. Nec1 Nd7 17. g3 Nc5 18. f4 f6 19. f5 Bf7 20. Nxc5 Qxc5
21. Nb3 Qb6 22. Rdf1 d5 23. h4 d4 24. Qe2 Bc4 25. Rfg1 a5 26. g4 hxg4 27.
Qxg4 Bf8 28. Nd2 Qc7 29. Qg6+ Kd8 30. Rc1 Bb4 31. Bxc4 bxc4 32. Nf3 Bf8 33.
Rhd1 Bc5 34. Rg1 Bf8 35. Rcd1 c3 36. b3 Qc5 37. Ka1 a4 38. Qf7 axb3 39. Qxb3
Qc4 40. Qb6+ Ke8 41. Rb1 Ba3 42. Rb3 Bb2+ 43. Kb1 d3 44. Ne1 d2 45. Nd3 Rxh4
46. Rb4 Qc6 47. Qa7 Rxe4 48. Qxg7 Rxb4 49. Qg8+ Kd7 50. Rg7+ Kd6 51. Qe6#
{Black checkmated}
1-0

[Event "ICC tourney 1905 (10 3)"]
[Site "Internet Chess Club"]
[Date "2020.07.05"]
[Round "5"]
[White "Aleksandrov73"]
[Black "DanLapan"]
[Result "1-0"]
[ICCResult "Black resigns"]
[WhiteElo "2291"]
[BlackElo "1625"]
[Opening "QGA: classical, 6...a6"]
[ECO "D27"]
[NIC "QG.07"]
[Time "14:20:36"]
[TimeControl "600+3"]

1. d4 d5 2. c4 dxc4 3. Nf3 Nf6 4. e3 e6 5. Bxc4 c5 6. O-O a6 7. dxc5 Qxd1 8.
Rxd1 Bxc5 9. Be2 Ke7 10. Ne5 Nbd7 11. Nd3 Bd6 12. Nd2 b5 13. Bf3 Rb8 14. a4
Bb7 15. axb5 Bxf3 16. Nxf3 axb5 17. Ra7 Ra8 18. Rxa8 Rxa8 19. Nd4 Ra1 20.
Nxb5 Ne5 21. Ne1 Bc5 22. Nc2 Ra5 23. Nbd4 Ra6 24. Kf1 Rb6 25. h3 Ne4 26. f3
Nd6 27. Ke2 Nec4 28. b3 Na5 29. b4 Bxb4 30. Nxb4 Rxb4 31. Ba3 Rb6 32. Bc5
Ra6 33. Ra1 Kd7 34. Bxd6 Kxd6 35. Nb3 Nxb3 36. Rxa6+ Ke7 37. Ra7+ Kf6 38.
Rc7 e5 39. Kd3 {Black resigns} 1-0

[Event "ICC tourney 1905 (10 3)"]
[Site "Internet Chess Club"]
[Date "2020.07.05"]
[Round "5"]
[White "IAlwaysWin"]
[Black "kptl132"]
[Result "0-1"]
[ICCResult "White forfeits on time"]
[WhiteElo "1483"]
[BlackElo "1513"]
[Opening "R?ti opening"]
[ECO "A05"]
[NIC "QP.11"]
[Time "14:20:53"]
[TimeControl "600+3"]

1. Nf3 Nf6 2. e3 g6 3. d4 Bg7 4. c4 O-O 5. Be2 d6 6. Nc3 Nbd7 7. O-O c5 8.
d5 a6 9. a4 Re8 10. e4 Nf8 11. h3 e5 12. a5 b6 13. axb6 Qxb6 14. Rb1 Bd7 15.
Be3 a5 16. Qc2 Reb8 17. Nb5 Bxb5 18. cxb5 Ne8 19. Nd2 Nd7 20. Nc4 Qc7 21.
Na3 Nb6 22. Bd2 Qd7 23. f4 exf4 24. Bxf4 Nc7 25. Bg4 Qe7 26. Bf3 Nd7 27. Be2
Ne5 28. Bd2 Qd7 29. Qa4 Ne8 30. Bc3 Qe7 31. Rf2 Nf6 32. Qc2 c4 33. Rbf1 Nfd7
34. Nxc4 Nxc4 35. Bxc4 Bxc3 36. Qxc3 Ne5 37. Be2 Rc8 38. Qb3 a4 39. Qb4 Rc5
40. Ra1 Qa7 41. Ra3 Rc1+ 42. Kh2 Qxf2 43. b6 Qf4+ 44. Rg3 Rb8 45. b7 Rc7 46.
Ba6 h5 47. h4 Qxh4+ 48. Rh3 Qf4+ 49. Kg1 Rc1+ {White forfeits on time} 0-1

[Event "ICC tourney 1905 (10 3)"]
[Site "Internet Chess Club"]
[Date "2020.07.05"]
[Round "5"]
[White "gmRohde"]
[Black "espark"]
[Result "1/2-1/2"]
[ICCResult "Game drawn by repetition"]
[WhiteElo "1790"]
[BlackElo "1745"]
[Opening "QGD: Neo-orthodox variation, 7.Bxf6"]
[ECO "D55"]
[NIC "QO.14"]
[Time "14:20:28"]
[TimeControl "600+3"]

1. Nf3 d5 2. c4 e6 3. d4 Nf6 4. Nc3 Be7 5. Bg5 O-O 6. e3 h6 7. Bxf6 Bxf6 8.
Rc1 b6 9. cxd5 exd5 10. b4 a6 11. Be2 Be6 12. O-O Nd7 13. Ne1 c6 14. Nd3 b5
15. a4 Nb6 16. a5 Nc4 17. Nc5 Be7 18. Bxc4 dxc4 19. Nxe6 fxe6 20. Rb1 e5 21.
dxe5 c5 22. Qd5+ Kh8 23. bxc5 Qxd5 24. Nxd5 Bxc5 25. Nc7 Ra7 26. Ne6 Rc8 27.
Nxc5 Rxc5 28. f4 Rd7 29. e6 Rd6 30. f5 Kg8 31. Rbd1 Rcd5 32. Rc1 Rd3 33. Kf2
c3 34. Kf3 b4 35. Rb1 c2 36. Rxb4 Rd1 37. Rb8+ Kh7 38. e7 Rxf1+ 39. Kg3 c1=Q
40. e8=Q Qe1+ 41. Kh3 Rf3+ 42. gxf3 Qf1+ 43. Kg3 Qg1+ 44. Kh3 Qf1+ 45. Kg3
Qg1+ 46. Kh3 Qf1+ 47. Kg3 Qg1+ 48. Kh3 Qf1+ 49. Kg3 Qg1+ 50. Kh3 Qf1+
{Game drawn by repetition}
1/2-1/2

[Event "ICC tourney 1905 (10 3)"]
[Site "Internet Chess Club"]
[Date "2020.07.05"]
[Round "5"]
[White "justinchess"]
[Black "Kokoro"]
[Result "1-0"]
[ICCResult "Black checkmated"]
[WhiteElo "2162"]
[BlackElo "1805"]
[Opening "QGD semi-Slav: Stoltz variation"]
[ECO "D45"]
[NIC "SL.08"]
[Time "14:21:02"]
[TimeControl "600+3"]

1. d4 d5 2. Nf3 Nf6 3. c4 c6 4. e3 e6 5. Nc3 Nbd7 6. Qc2 Bd6 7. b3 O-O 8.
Be2 Re8 9. O-O e5 10. dxe5 Nxe5 11. cxd5 cxd5 12. Nb5 Bb8 13. Bb2 a6 14.
Bxe5 Bxe5 15. Nxe5 Rxe5 16. Nd4 Bd7 17. Rac1 Rc8 18. Qb2 Re8 19. Rxc8 Bxc8
20. Rc1 Bd7 21. Qc3 Ne4 22. Qc7 Qe7 23. Rf1 Nd6 24. Qc5 Ne4 25. Qxe7 Rxe7
26. Rc1 Kf8 27. f3 Nd6 28. Kf2 Ke8 29. Bd3 Kd8 30. Ke2 h5 31. Kd2 g6 32. Rc5
Be6 33. g3 g5 34. f4 gxf4 35. gxf4 Rc7 36. Ra5 Bg4 37. Rxd5 Ke7 38. e4 Ne8
39. e5 f6 40. Bg6 Ng7 41. Be4 fxe5 42. Rxe5+ Kf6 43. Rd5 Re7 44. Kd3 Ne8 45.
Rd8 Bd7 46. Bxb7 Nd6 47. Bf3 h4 48. Rh8 h3 49. Rh6+ Kf7 50. Rxd6 Bc8 51. Be4
a5 52. Rh6 Kg8 53. Rg6+ Kf8 54. Rg3 a4 55. bxa4 Ra7 56. Bf5 Bxf5+ 57. Nxf5
Rxa4 58. Rxh3 Rxf4 59. Ne3 Ra4 60. Rf3+ Kg8 61. Rf2 Ra3+ 62. Ke4 Ra4+ 63.
Kf3 Ra3 64. h4 Kg7 65. Rh2 Kh6 66. h5 Rd3 67. Ke4 Ra3 68. Nf5+ Kg5 69. h6
Ra4+ 70. Nd4 Rxa2 71. Rxa2 Kxh6 72. Kf5 Kg7 73. Ne6+ Kf7 74. Ra7+ Ke8 75.
Nd4 Kd8 76. Ke6 Kc8 77. Kd6 Kb8 78. Nc6+ Kc8 79. Rc7# {Black checkmated} 1-0

[Event "ICC tourney 1905 (10 3)"]
[Site "Internet Chess Club"]
[Date "2020.07.05"]
[Round "5"]
[White "Candychessguru"]
[Black "JosephLevine"]
[Result "1-0"]
[ICCResult "Black checkmated"]
[WhiteElo "1655"]
[BlackElo "1836"]
[Opening "QGD: Cambridge Springs defense, Capablanca variation"]
[ECO "D52"]
[NIC "QO.15"]
[Time "14:20:37"]
[TimeControl "600+3"]

1. d4 d5 2. Nf3 Nf6 3. c4 e6 4. Bg5 Nbd7 5. e3 c6 6. Nc3 Qa5 7. Bxf6 Nxf6 8.
Bd3 Bd6 9. O-O O-O 10. a3 dxc4 11. Bxc4 Qh5 12. Be2 b6 13. e4 Bc7 14. e5 Nd5
15. Nxd5 exd5 16. Rc1 Qh6 17. Qd2 Qxd2 18. Nxd2 Bb7 19. f4 Rac8 20. Nb3 a5
21. a4 Bb8 22. Rc2 f5 23. Rfc1 Ba7 24. Kf1 Kf7 25. h3 Ke6 26. Bd3 g6 27. Ke2
Kd7 28. Kf3 Ke6 29. g4 Rg8 30. h4 fxg4+ 31. Kxg4 Rcf8 32. Rf1 Rf7 33. Rcf2
c5 34. Bb5 c4 35. Nd2 Bc8 36. Nf3 h6 37. Kg3 Bd7 38. Nd2 Bxb5 39. axb5 Rf5
40. Nf3 Bb8 41. Nh2 h5 42. Nf3 Bc7 43. Ng5+ Kd7 44. Rf3 Bd8 45. Nh3 Be7 46.
Nf2 Rgf8 47. Nd1 Ke6 48. Ne3 R5f7 49. R1f2 Bb4 50. Nc2 Ra8 51. Rf1 Kf5 52.
Ne3+ Ke4 53. Nc2 Bd2 54. R1f2 Bc1 55. Re2+ Kf5 56. Rf1 Bxb2 57. Ne3+ Ke4 58.
Nd1+ Kxd4 59. Rxb2 Kc5 60. Nc3 a4 61. Ra1 a3 62. Rba2 d4 63. Ne4+ Kb4 64.
Nd6 Rfa7 65. Kf3 c3 66. Ke4 Kb3 67. Kd3 c2 68. Rxc2 a2 69. Nc4 Kb4 70. Nxb6
Ra3+ 71. Kxd4 Rd8+ 72. Nd5+ Kxb5 73. Rcxa2 Rh3 74. Rb2+ Kc6 75. Ra6+ Kd7 76.
Rb7+ Ke8 77. Rxg6 Kf8 78. Rh6 Kg8 79. Rxh5 Rg3 80. Rg5+ Rxg5 81. hxg5 Kh8
82. f5 Kg8 83. Ke4 Kh8 84. g6 Kg8 85. Nf6+ Kh8 86. Rh7# {Black checkmated}
1-0

[Event "ICC tourney 1905 (10 3)"]
[Site "Internet Chess Club"]
[Date "2020.07.05"]
[Round "5"]
[White "investigator"]
[Black "Aniketshukla"]
[Result "1-0"]
[ICCResult "Black checkmated"]
[WhiteElo "1586"]
[BlackElo "1478"]
[Opening "Catalan: closed, 5.Nf3"]
[ECO "E06"]
[NIC "CA.04"]
[Time "14:20:28"]
[TimeControl "600+3"]

1. c4 e6 2. Nf3 d5 3. d4 Nf6 4. g3 Be7 5. Bg2 c6 6. O-O Nbd7 7. Qc2 b6 8.
Nbd2 Bb7 9. e4 dxe4 10. Nxe4 Nxe4 11. Qxe4 Nf6 12. Qe2 O-O 13. Rd1 Qc7 14.
Bf4 Bd6 15. Bg5 Nd7 16. Rac1 c5 17. Be3 Rad8 18. a3 Rfe8 19. b4 cxb4 20. c5
bxc5 21. dxc5 Bxf3 22. Bxf3 Be7 23. axb4 Ne5 24. Bg2 a5 25. b5 Rxd1+ 26.
Qxd1 Rd8 27. Qa4 Nd3 28. b6 Qe5 29. c6 Nxc1 30. c7 Ne2+ 31. Kf1 Rf8 32. Qd7
a4 33. c8=Q a3 34. Qc2 Qa5 35. Qxe7 a2 36. Kxe2 a1=Q 37. Be4 Q1e1+ 38. Kf3
f5 39. Bd3 Qd5+ 40. Kf4 e5+ 41. Kg5 h6+ 42. Kh4 g5+ 43. Kh5 Qf7+ 44. Qxf7+
Rxf7 45. Be2 Qa5 46. Qc8+ Kg7 47. b7 Qb4 48. b8=Q Qe7 49. Qh8#
{Black checkmated}
1-0

[Event "ICC tourney 1905 (10 3)"]
[Site "Internet Chess Club"]
[Date "2020.07.05"]
[Round "5"]
[White "KnightHopper"]
[Black "Xuanli28"]
[Result "1/2-1/2"]
[ICCResult "Game drawn by mutual agreement"]
[WhiteElo "1817"]
[BlackElo "1666"]
[Opening "Sicilian: Tartakower variation"]
[ECO "B53"]
[NIC "SI.01"]
[Time "14:21:17"]
[TimeControl "600+3"]

1. e4 c5 2. Nf3 d6 3. d4 cxd4 4. c3 d3 5. Bxd3 Nd7 6. c4 Ngf6 7. Nc3 g6 8.
O-O Bg7 9. Be3 a6 10. h3 O-O 11. Rc1 b6 12. Re1 Bb7 13. Nd5 Nxd5 14. cxd5
Nc5 15. b4 Nd7 16. Nd4 Rc8 17. Qa4 b5 18. Qb3 Ne5 19. Be2 Qd7 20. f4 Nc4 21.
Bxc4 bxc4 22. Rxc4 Rxc4 23. Qxc4 Rc8 24. Qb3 Rc7 25. a4 Qc8 26. b5 Rc3 27.
Qd1 Qc4 28. Kf2 Rd3 29. Qc1 Rxd4 30. Qxc4 Rxc4 31. bxa6 Bxa6 32. Rb1 Bc3 33.
Rb8+ Kg7 34. Rb3 Bf6 35. Kf3 Rxa4 36. g4 Bc4 37. Rb1 Bd3 38. Rb7 Bxe4+ 39.
Kg3 Ra3 40. Kf2 Bh4+ 41. Ke2 Ra2+ 42. Kd1 Bf3+ 43. Kc1 Be1 44. Bd4+ Kh6 45.
Rxe7 Bd2+ 46. Kb1 Bxd5 47. Re2 f5 48. g5+ Kh5 49. Re7 Kh4 50. Rxh7+ Kg3 51.
Rh6 Bb3 52. Rxg6 Bb4 53. Bb2 Ra6 54. h4 Kxh4 55. Rh6+ Kg4 56. g6 Ra8 57. g7
Kxf4 58. Rh4+ Kg5 59. Rxb4 Bg8 60. Rd4 d5 61. Kc2 Kg6 62. Kd3 Rb8 63. Bc3
Re8 64. Rh4 Re7 65. Rh8 Kf7 66. Bd4 Re4 67. Rh5 Kg6 68. Rh2 f4 69. Rg2+ Kf5
70. Re2 Rxe2 71. Kxe2 Ke4 72. Bb6 d4 73. Ba5 Bc4+ 74. Kf2 f3 75. Bd2 Bf7 76.
Bb4 Bd5 77. Bc5 d3 78. Bb4 Kd4 79. g8=Q Bxg8 80. Kxf3 Kc4 81. Bd2
{Game drawn by mutual agreement}
1/2-1/2

[Event "ICC tourney 1905 (10 3)"]
[Site "Internet Chess Club"]
[Date "2020.07.05"]
[Round "5"]
[White "Wizard98"]
[Black "TjkTiger"]
[Result "1/2-1/2"]
[ICCResult "Game drawn by mutual agreement"]
[WhiteElo "2207"]
[BlackElo "2177"]
[Opening "English: symmetrical variation"]
[ECO "A30"]
[NIC "EO.64"]
[Time "14:20:48"]
[TimeControl "600+3"]

1. c4 c5 2. Nf3 g6 3. Nc3 Bg7 4. e3 Nf6 5. d4 cxd4 6. exd4 d5 7. cxd5 Nxd5
8. Qb3 Nxc3 9. bxc3 O-O 10. Be2 Nc6 11. O-O Na5 12. Qb4 Nc6 13. Qb3 b6 14.
Rd1 Bb7 15. Bg5 h6 16. Bh4 Rc8 17. Rac1 Na5 18. Qb4 g5 19. Bg3 Bd5 20. c4
Nc6 21. Qa4 Bxf3 22. Bxf3 Nxd4 23. Qxa7 f5 24. h3 f4 25. Bh2 Qc7 26. Qa4 b5
27. Qa3 Nxf3+ 28. Qxf3 bxc4 29. h4 Qe5 30. hxg5 hxg5 31. Rd5 Qb2 32. Re1 Qf6
33. Qg4 c3 34. Rxg5 c2 35. Bxf4 Rc4 36. g3 c1=Q 37. Rxg7+ Qxg7 38. Qxg7+
Kxg7 39. Bxc1 Kf7 40. Bg5 e6 41. Re3 Rfc8 42. Rf3+ Ke8 43. Rf6 R8c6 44. a3
Ra4 45. Rf3 Rca6 46. Bc1 Rc4 47. Bh6 e5 48. Bf8 e4 49. Rf4 Kd7 50. Bb4 Ke6
51. Kg2 Kd5 52. Rf5+ Kd4 53. g4 Kd3 54. Rd5+ Rd4 55. Rf5 e3 56. fxe3 Rxg4+
57. Kf3 Rag6 58. Rd5+ Kc4 59. Rc5+ Kb3 60. e4 Rg3+ 61. Ke2 Rh3 62. Kf2 Rf6+
63. Ke2 Rff3 64. e5 Re3+ 65. Kf2 Rhf3+ 66. Kg2 Rf5 67. e6 Rxc5 68. Bxc5 Rxe6
69. Bb4 Kc4 70. Kf2 Kd3 71. Kf3 Rf6+ 72. Kg2 Ke3 73. Bc5+ Ke2 74. Kh1 Kf3
75. a4 Kg3 76. a5 Rh6+ 77. Kg1 Rc6 78. Bf2+ Kf3 79. Bb6 Rc1+ 80. Kh2 Ra1 81.
Bc5 Rxa5 82. Bb6 Rb5 83. Bd4 Rd5 84. Bb6 Rd2+ 85. Kh1 Rg2 86. Bg1 Rg6 87.
Bc5 Kg3 88. Bd4 Re6 89. Ba7 Re8 90. Bb6 Rc8 91. Bd4 Rc6 92. Ba7 Rc1+ 93. Bg1
Kf3 94. Kh2 Rc6 95. Ba7 Rh6+ 96. Kg1 Rh5 97. Bb6 Rh8 98. Bc5 Kg3 99. Bd6+
Kf3 100. Bc5 {Game drawn by mutual agreement} 1/2-1/2

[Event "ICC tourney 1905 (10 3)"]
[Site "Internet Chess Club"]
[Date "2020.07.05"]
[Round "6"]
[White "Kyle2007"]
[Black "GutsyEdge"]
[Result "1-0"]
[ICCResult "Black resigns"]
[WhiteElo "1454"]
[BlackElo "1127"]
[Opening "Sicilian defense"]
[ECO "B40"]
[NIC "SI.43"]
[Time "15:11:06"]
[TimeControl "600+3"]

1. e4 c5 2. Nf3 e6 3. c3 Nf6 4. e5 Nd5 5. g3 Nc6 6. Bg2 d6 7. exd6 Bxd6 8.
O-O O-O 9. d4 cxd4 10. Nxd4 Nxd4 11. Qxd4 Nb6 12. Rd1 Be7 13. Qxd8 Rxd8 14.
Rxd8+ Bxd8 15. Na3 f6 16. Be3 Be7 17. Rd1 Kf7 18. Nb5 Nc4 19. Bd4 Nxb2 20.
Rb1 Na4 21. Nc7 e5 22. Nxa8 exd4 23. cxd4 Bd6 24. Bxb7 Bf5 25. Bd5+ Kg6 26.
Rb7 Nc3 27. Bf7+ Kg5 28. Bc4 Kg6 29. Rxa7 Ne4 30. Bd3 Kg5 31. Ra5 Kg4 32.
Rxf5 Kxf5 33. f3 Ke6 34. Bxe4 {Black resigns} 1-0

[Event "ICC tourney 1905 (10 3)"]
[Site "Internet Chess Club"]
[Date "2020.07.05"]
[Round "6"]
[White "taupuri"]
[Black "RisingRook"]
[Result "1-0"]
[ICCResult "Black checkmated"]
[WhiteElo "1292"]
[BlackElo "1423"]
[Opening "Torre attack (Tartakower variation)"]
[ECO "D03"]
[NIC "QP.06"]
[Time "15:11:05"]
[TimeControl "600+3"]

1. d4 Nf6 2. Nf3 d5 3. Bg5 Ne4 4. Bf4 c5 5. e3 Nc6 6. c3 e6 7. Nbd2 Bd6 8.
Bxd6 Qxd6 9. Bd3 Nxd2 10. Qxd2 O-O 11. O-O e5 12. dxe5 Nxe5 13. Nxe5 Qxe5
14. Qc2 h6 15. e4 d4 16. f4 Qd6 17. e5 Qb6 18. c4 Qc7 19. Rae1 Re8 20. Qe2
b5 21. Qe4 Be6 22. Qh7+ Kf8 23. f5 Bxc4 24. f6 gxf6 25. exf6 Re3 26. Qh8#
{Black checkmated}
1-0

[Event "ICC tourney 1905 (10 3)"]
[Site "Internet Chess Club"]
[Date "2020.07.05"]
[Round "6"]
[White "Pschaak"]
[Black "GeneraLisimus"]
[Result "0-1"]
[ICCResult "White disconnected and forfeits"]
[WhiteElo "2113"]
[BlackElo "2880"]
[Opening "Queen's bishop game"]
[ECO "D02"]
[NIC "QP.08"]
[Time "15:10:57"]
[TimeControl "600+3"]

1. d4 d5 2. Nf3 Nf6 3. Bf4 Bf5 4. e3 e6 5. Nbd2 Bd6 6. Bg3 O-O 7. c3 h6 8.
Be2 c5 9. O-O Nc6 10. Ne5 Bxe5 11. dxe5 Nd7 12. f4 f6 13. exf6 Nxf6 14. a3
Qb6 15. Qb3 c4 16. Qxb6 axb6 17. Nf3 Ne4 18. Nd4 Nxd4 19. exd4 Ra5 20. Bf3
Rb5 21. Bxe4 Bxe4 22. Rf2 Rb3 {White disconnected and forfeits} 0-1

[Event "ICC tourney 1905 (10 3)"]
[Site "Internet Chess Club"]
[Date "2020.07.05"]
[Round "6"]
[White "PushU2Blunders"]
[Black "Wizard98"]
[Result "1-0"]
[ICCResult "Black resigns"]
[WhiteElo "2154"]
[BlackElo "2188"]
[Opening "Caro-Kann: Panov-Botvinnik attack"]
[ECO "B13"]
[NIC "CK.03"]
[Time "15:10:53"]
[TimeControl "600+3"]

1. e4 c6 2. d4 d5 3. exd5 cxd5 4. c4 Nf6 5. Nc3 Nc6 6. Nf3 e6 7. Be2 Be7 8.
O-O O-O 9. Re1 b6 10. Ne5 Bb7 11. Bf3 Rc8 12. cxd5 Nxe5 13. Rxe5 Bd6 14.
dxe6 Bxe5 15. dxe5 Qxd1+ 16. Bxd1 Nd5 17. exf7+ Kxf7 18. Bb3 Ke6 19. Bd2
Rcd8 20. Re1 Bc6 21. Ne2 Kd7 22. Nd4 Bb7 23. Bxd5 Bxd5 24. e6+ {Black
resigns} 1-0

[Event "ICC tourney 1905 (10 3)"]
[Site "Internet Chess Club"]
[Date "2020.07.05"]
[Round "6"]
[White "Xuanli28"]
[Black "dabbindino"]
[Result "1-0"]
[ICCResult "Black resigns"]
[WhiteElo "1674"]
[BlackElo "1762"]
[Opening "Sicilian defense"]
[ECO "B40"]
[NIC "SI.43"]
[Time "15:10:57"]
[TimeControl "600+3"]

1. e4 c5 2. Nf3 e6 3. b3 Nc6 4. Bb2 d5 5. exd5 exd5 6. Bb5 Nf6 7. Qe2+ Be6
8. Bxc6+ bxc6 9. Ng5 Qd7 10. O-O h6 11. Nxe6 Qxe6 12. Re1 Qxe2 13. Rxe2+ Kd7
14. Bxf6 gxf6 15. Nc3 Bd6 16. Rae1 f5 17. f3 Rab8 18. Nd1 f4 19. c4 dxc4 20.
bxc4 f6 21. Nf2 Rb4 22. Ng4 Rf8 23. Re6 Be5 24. Nxe5+ Kxe6 25. Nxc6+ Kd6 26.
Nxb4 cxb4 27. d4 Rc8 28. Rc1 a5 29. Kf2 a4 30. Ke2 Re8+ 31. Kd2 Re3 32. Rb1
Ra3 33. Rb2 f5 34. h4 h5 35. Rxb4 Rxa2+ 36. Kc3 Rxg2 37. c5+ Kc6 38. Rb6+
Kc7 39. d5 Rf2 40. d6+ Kd7 41. Rb7+ Ke6 42. d7 Rxf3+ 43. Kc4 Ke7 44. c6 Rf1
45. Rb8 Rc1+ 46. Kd3 Rd1+ 47. Ke2 Rd6 48. Re8+ {Black resigns} 1-0

[Event "ICC tourney 1905 (10 3)"]
[Site "Internet Chess Club"]
[Date "2020.07.05"]
[Round "6"]
[White "Ktsuei1102"]
[Black "KnightHopper"]
[Result "1-0"]
[ICCResult "Black resigns"]
[WhiteElo "1416"]
[BlackElo "1787"]
[Opening "QGD: semi-Slav, Marshall gambit"]
[ECO "D31"]
[NIC "SL.06"]
[Time "15:10:56"]
[TimeControl "600+3"]

1. d4 d5 2. c4 e6 3. Nc3 c6 4. e4 dxe4 5. Nxe4 Bb4+ 6. Bd2 Qxd4 7. Bxb4
Qxe4+ 8. Be2 Nd7 9. Nf3 c5 10. Bc3 Ngf6 11. O-O O-O 12. Re1 Qc6 13. Ng5 h6
14. Bf3 Qc7 15. Ne4 Nxe4 16. Bxe4 Qf4 17. g3 Qc7 18. Qg4 g5 19. Qh5 Re8 20.
Qxh6 f6 21. Qh7+ Kf8 22. Bxf6 Nxf6 23. Qxc7 Re7 24. Qxc5 Bd7 25. Qxg5 Nxe4
26. Rxe4 Bc6 27. Rh4 Rg7 28. Qf6+ {Black resigns} 1-0